 Dungeon Crawl Stone Soup version 0.28.0-55-gcd9437bce4 (webtiles) character file.

Game seed: 9452663138697448430

426 Descartes the Magician (level 6, -10/32 HPs)
             Began as a Deep Elf Fire Elementalist on Dec 4, 2022.
             Was an Initiate of Gozag.
             Killed by divine providence
             ... invoked by an orc priest
              (13 damage)
             ... on level 4 of the Dungeon.
             The game lasted 00:06:49 (3553 turns).

Descartes the Magician (Deep Elf Fire Elementalist) Turns: 3553, Time: 00:06:50

Health: -10/32     AC:  2    Str:  5    XL:     6   Next: 64%
Magic:  9/14       EV: 13    Int: 22    God:    Gozag
Gold:   299        SH:  0    Dex: 15    Spells: 13/14 levels left

rFire   . . .      SeeInvis .   c - +1 short sword (elec)
rCold   . . .      Faith    .   (no shield)
rNeg    . . .      Spirit   .   a - +0 robe
rPois   .          Reflect  .   (no helmet)
rElec   .          Harm     .   (no cloak)
rCorr   .          Rampage  .   (no gloves)
Will    .....                   (no boots)
Stlth   +++.......              e - amulet of regeneration
HPRegen 0.90/turn               (no ring)
MPRegen 0.14/turn               (no ring)

@: gold aura
A: no striking features
a: Renounce Religion, Potion Petition, Call Merchant, Bribe Branch


You were on level 4 of the Dungeon.
You worshipped Gozag.
Gozag was aware of your devotion.
You visited 1 branch of the dungeon, and saw 4 of its levels.

You collected 318 gold pieces.
You paid 19 gold pieces to Gozag.

Inventory:

Hand Weapons
 c - a +1 short sword of electrocution (weapon)
Armour
 a - a +0 robe (worn)
 j - a +0 plate armour of positive energy
 m - a +0 scale mail of cold resistance
Jewellery
 e - an amulet of regeneration (around neck)
Wands
 k - a wand of paralysis (5)
Scrolls
 b - 4 scrolls of identify {unknown}
 f - a scroll of immolation
 i - a scroll of fog {unknown}
 n - a scroll of magic mapping {unknown}
Potions
 d - a potion of mutation {unknown}
 g - 3 potions of curing {unknown}
 h - 2 potions of attraction {unknown}
 l - a potion of lignification {unknown}
 o - a potion of heal wounds {unknown}


   Skills:
 + Level 3.8 Dodging
 + Level 4.1 Stealth
 + Level 4.6 Spellcasting
 + Level 2.8 Conjurations
 + Level 4.3 Fire Magic
 + Level 2.4 Poison Magic
 + Level 2.5 Evocations


You had 13 spell levels left.
You knew the following spells:

 Your Spells              Type           Power      Damage    Failure   Level
a - Foxfire               Conj/Fire      84%        2x1d8     2%          1

Your spell library contained the following spells:

 Spells                   Type           Power      Damage    Failure   Level
 Scorch                   Fire           48%        2d7       2%          2
 Conjure Flame            Conj/Fire      21%        6-21      7%          3
 Inner Flame              Hex/Fire       14%        N/A       13%         3
 Flame Wave               Conj/Fire      21%        2d7       24%         4


Dungeon Overview and Level Annotations

Branches:
Dungeon (4/15)
 Temple: D:4-7

Altars:
Gozag
Sif Muna


Message History

The orc is severely wounded.
The foxfire hits the orc but does no damage.
The orc hits you with a +0 dagger. The orc hits you with a +0 hand axe.
* * * LOW HITPOINT WARNING * * *
Casting: Foxfire (safe; 2% risk of failure)
Confirm with . or Enter, or press ? or * to list all spells.
You conjure some foxfire!
The foxfire hits the orc.
The orc is almost dead.
The foxfire hits the orc.
You kill the orc!
The orc hits you with a +0 hand axe.
* * * LOW HITPOINT WARNING * * *
The orc hits your foxfire with a +0 hand axe.
Unknown command.
Casting: Foxfire (safe; 2% risk of failure)
Confirm with . or Enter, or press ? or * to list all spells.
You conjure some foxfire!
The foxfire hits the orc priest.
The orc priest is moderately wounded.
The foxfire hits the orc!
The orc is almost dead.
The orc closely misses you.
Unknown command.
Casting: Foxfire (safe; 2% risk of failure)
Confirm with . or Enter, or press ? or * to list all spells.
You conjure some foxfire!
The foxfire hits the orc priest.
The orc priest is heavily wounded.
The foxfire hits the orc priest.
The orc priest is heavily wounded.
The orc priest invokes the aid of Beogh against you.
You struggle to resist.
The orc hits you with a +0 hand axe.
* * * LOW HITPOINT WARNING * * *
Unknown command.
The foxfire hits the orc priest.
The orc priest is severely wounded.
The foxfire hits the orc priest but does no damage.
The orc priest is severely wounded.
The orc priest calls down the wrath of Beogh upon you.
Beogh smites you!
You die...
Your body crumbles into a pile of gold.

##..# # #.# #......... $ #
#.# #......... #.#
#......... #.# #.........
#.# #......... #.#
#.........
###.############.ยงยง......
................@.$......
###..##.#######..oo......
#..##.# #.#'####### #..####
###.# ###..# #.# .....###
#.# .......# #.# #.##.####
#.# #.##.##.## #.#


You could see an orc priest and an orc.

Vanquished Creatures
  A steam dragon (D:4)
  A scorpion (D:4)
  An iguana (D:4)
  3 orc wizards (D:3)
  Ijyb (D:3)
  2 adders (D:2)
  A worm (D:2)
  6 dart slugs
  2 orcs
  6 endoplasms
  A giant cockroach (D:3)
  3 goblins
  7 hobgoblins
  6 quokkas
  7 ball pythons
  7 bats
  5 frilled lizards
  10 kobolds
  7 rats
77 creatures vanquished.

Vanquished Creatures (others)
  355 foxfires
355 creatures vanquished.

Grand Total: 432 creatures vanquished

Notes
Turn   | Place    | Note
-------+----------+-------------------------------------------
     0 | D:1      | Descartes the Deep Elf Fire Elementalist began the quest
                  | for the Orb.
     0 | D:1      | Reached XP level 1. HP: 10/10 MP: 6/6
   148 | D:1      | Reached XP level 2. HP: 11/15 MP: 0/8
   510 | D:1      | Reached skill level 1 in Evocations
   573 | D:1      | Reached XP level 3. HP: 19/19 MP: 6/9
   917 | D:2      | Found a faded altar of an unknown god.
   933 | D:2      | Reached skill level 1 in Poison Magic
  1274 | D:2      | Found an opulent altar of Gozag.
  1314 | D:2      | Became a worshipper of Gozag Ym Sagoz the Greedy
  1436 | D:2      | Reached XP level 4. HP: 24/24 MP: 8/11
  2177 | D:3      | Noticed Ijyb
  2199 | D:3      | Killed Ijyb
  2806 | D:3      | Found a shimmering blue altar of Sif Muna.
  2815 | D:3      | Reached XP level 5. HP: 26/28 MP: 4/12
  3297 | D:4      | Reached XP level 6. HP: 32/32 MP: 12/14
  3360 | D:4      | Noticed a steam dragon
  3378 | D:4      | Killed a steam dragon
  3553 | D:4      | Killed from afar by an orc priest

Illustrated notes

Levels and vault maps discovered:
D:1:      psy_arrival_basics, layout_rooms
D:2:      layout_basic, hellmonk_ecumenical_altar_blasted, basic_altar
D:3:      layout_rooms, kennysheep_orc_sif_temple, minivault_19, uniq_ijyb
D:4:      layout_basic, minmay_temple_entry_trees, grunt_ministairs_7,
          uniq_sigmund, uniq_edmund, uniq_pikel

Skill      XL: |  1  2  3  4  5  6 |
---------------+-------------------+-----
Evocations     | 1 2 |  2.5
Poison Magic   | 1 2 |  2.4
Stealth        | 3 4 |  4.1
Dodging        | 3 |  3.8
Conjurations   | 2 |  2.8
Spellcasting   | 4 |  4.6
Fire Magic     | 4 |  4.3

Action                   |  1- 3 |  4- 6 || total
-------------------------+-------+-------++-------
Melee: Short sword       |       |     1 ||     1
 Cast: Foxfire           |    86 |   119 ||   205
Armor: Robe              |     1 |     4 ||     5
Dodge: Dodged            |     7 |    19 ||    26
